 Dungeon Crawl Stone Soup version 0.31-a0-165-g3f4f80340b (webtiles) character file.

Game seed: 16183809596687434125

140 qw the Shooter (level 5, 0/49 HPs)
             Began as a Naga Hunter on June 13, 2023.
             Slain by an orc
             ... wielding a +0 mace
              (5 damage)
             ... on level 3 of the Dungeon.
             The game lasted 00:00:43 (1465 turns).

qw the Shooter (Naga Hunter)                        Turns: 1465, Time: 00:00:43

Health: 0/49       AC:  6    Str: 14    XL:     5   Next: 23%
Magic:  5/5        EV:  9    Int:  9    God:
Gold:   99         SH:  0    Dex: 16    Spells: 4/4 levels left

rFire   + . .        Y - +0 shortbow
rCold   . . .        (shield currently unavailable)
rNeg    . . .        c - +0 leather armour
rPois   +            (no helmet)
rElec   .            f - +1 cloak
rCorr   .            g - +0 pair of gloves
SInv    +            (no barding)
Will    .....        m - amulet of the acrobat
Stlth   ++           i - ring of protection from fire
HPRegen 0.28/turn    (no ring)
MPRegen 0.09/turn

%: acrobat
@: short of breath, very slow
A: AC +1, large, see invisible, deformed body, poison resistance, slowness 2,
spit poison 1, naga tail 1
a: Spit Poison


You were on level 3 of the Dungeon.
You visited 1 branch of the dungeon, and saw 3 of its levels.

You collected 99 gold pieces.


Innate Abilities, Weirdness & Mutations

Your serpentine skin is tough. (AC +1)
You have supernaturally acute eyesight. (SInv)
Armour fits poorly on your strangely shaped body.
Your system is resistant to poisons. (rPois)
You cover ground very slowly.
You can spit poison.
You have a snake-like lower body.


   Skills:
 - Level 3.2 Fighting
 + Level 5.2 Ranged Weapons
 - Level 1.5 Dodging
 - Level 1.5 Stealth


You had 4 spell levels left.
You didn't know any spells.
Your spell library was empty.

Inventory:

Hand Weapons
 Y - a +0 shortbow (weapon)
Armour
 c - a +0 leather armour (worn)
 f - a +1 cloak (worn)
 g - a +0 pair of gloves (worn)
Jewellery
 h - the amulet of Qazlal's Wrath {RegenMP Int-4 Dex+3 SInv}
   (You found it on level 3 of the Dungeon)

   [amulet of magic regeneration]

   It increases your rate of magic regeneration.
   Int:       It affects your intelligence (-4).
   Dex:       It affects your dexterity (+3).
   SInv:      It lets you see invisible.
 i - a ring of protection from fire (left hand)
 m - an amulet of the acrobat (around neck)
Scrolls
 a - 2 scrolls of identify
Potions
 b - a potion of lignification {unknown}
 d - a potion of curing
 e - a potion of might

Dungeon Overview and Level Annotations

Branches:
Dungeon (3/15)

Altars:
Makhleb


Message History

The splash of poison misses the orc wizard.
The orc hits you with a +0 mace. The orc closely misses you.
The orc wizard hits you with a +0 dagger.
You shoot an arrow. The arrow misses the orc wizard.
The orc misses you. The orc barely misses you.
The orc wizard points at you and mumbles some strange words.
You resist with some effort.
You shoot an arrow. The arrow hits the orc wizard.
The orc wizard is moderately wounded.
The orc barely misses you. The orc hits you with a +0 flail.
The orc wizard hits you with a +0 dagger.
The orc wizard hits you but does no damage.
The orc hits you with a +0 mace. The orc hits you with a +0 flail.
You shoot an arrow. The arrow misses the orc wizard.
You have got your breath back.
The orc closely misses you. The orc barely misses you.
The orc wizard gestures at you while chanting.
You are confused.
1461 ||| DRINKING 2 potions of curing.
You feel better.
1461 ||| (to cure confusion)
The orc barely misses you. The orc hits you but does no damage.
The orc wizard hits you with a +0 dagger.
1462 ||| INVOKING Spit Poison.
Aiming: Spit Poison (1% risk of failure)
Press: ? - help, Shift-Dir - straight line, f/p - orc wizard The splash of poison misses the orc wizard.
The orc hits you with a +0 mace. The orc hits you with a +0 flail!
The orc wizard points at you and mumbles some strange words.
The puff of flame hits you. You resist.
You shoot an arrow. The arrow hits the orc wizard!
The orc wizard is severely wounded.
The orc hits you with a +0 mace. The orc hits you but does no damage.
The orc wizard hits you with a +0 dagger.
You shoot an arrow. The arrow misses the orc wizard.
The orc hits you but does no damage. The orc hits you with a +0 flail!
The orc wizard hits you with a +0 dagger.
You shoot an arrow. The arrow hits the orc wizard.
You kill the orc wizard!
The orc hits you with a +0 mace.
You die...

#............##.#.##.#
#...........##.#.##.#.
#..........##.#.##.#..
#...........##.#.##.#.
.###....###...<##.#.##.#
........#....#####%#.##.
#o......#....# ##.#.##
#.#o#....# ##.#.#
#Jo@.....# ##.#.
#.).#........ ##.#
##..#....###. ##.
#..#....# ## ##.#......
# #.#####... ##. ..## .
..


You could see 2 orcs and an endoplasm.

Vanquished Creatures
  3 orc wizards (D:3)
  3 adders
  A worm (D:2)
  3 dart slugs
  6 orcs
  A bat skeleton (D:2)
  4 endoplasms (D:1)
  A giant cockroach (D:1)
  3 goblins
  2 hobgoblins
  3 jackals
  3 quokkas
  2 ball pythons (D:1)
  3 ball python zombies (D:2)
  4 bats
  2 frilled lizards
  3 kobolds
  A quokka skeleton (D:2)
  4 rats
52 creatures vanquished.

Notes
Turn   | Place    | Note
-------+----------+-------------------------------------------
     0 | D:1      | qw the Naga Hunter began the quest for the Orb.
     0 | D:1      | Reached XP level 1. HP: 19/19 MP: 1/1
     0 | D:1      | 0 ||| qw: Version: 0.2-a-29-gc1b59c4
     0 | D:1      | 0 ||| qw: Game counter: 4697
     0 | D:1      | 0 ||| qw: Always use a shield: true
     0 | D:1      | 0 ||| qw: God list: Okawaru
     0 | D:1      | 0 ||| qw: Allow faded altars: false
     0 | D:1      | 0 ||| qw: Do Orc after D:15 true
     0 | D:1      | 0 ||| qw: Do second Lair branch before Depths: true
     0 | D:1      | 0 ||| qw: Lair rune preference: random
     0 | D:1      | 0 ||| qw: Plans: Normal
     0 | D:1      | 0 ||| PLANNING D:1-11
    15 | D:1      | 15 ||| INVOKING Spit Poison.
    85 | D:1      | 85 ||| INVOKING Spit Poison.
   128 | D:1      | You fall into a shaft and drop 1 floor!
   128 | D:2      | Found a burning altar of Makhleb.
   139 | D:2      | Reached skill level 4 in Ranged Weapons
   139 | D:2      | Reached XP level 2. HP: 26/26 MP: 2/2
   153 | D:2      | 153 ||| INVOKING Spit Poison.
   156 | D:2      | 156 ||| INVOKING Spit Poison.
   162 | D:2      | 162 ||| INVOKING Spit Poison.
   191 | D:2      | 191 ||| UPGRADING to +1 cloak.
   196 | D:2      | 196 ||| DROPPING scroll of butterflies.
   232 | D:1      | 232 ||| INVOKING Spit Poison.
   247 | D:1      | 247 ||| INVOKING Spit Poison.
   331 | D:1      | 331 ||| INVOKING Spit Poison.
   399 | D:1      | 399 ||| INVOKING Spit Poison.
   424 | D:1      | 424 ||| INVOKING Spit Poison.
   531 | D:1      | 531 ||| INVOKING Spit Poison.
   534 | D:1      | 534 ||| INVOKING Spit Poison.
   538 | D:1      | 538 ||| INVOKING Spit Poison.
   539 | D:1      | 539 ||| INVOKING Spit Poison.
   717 | D:1      | 717 ||| UPGRADING to +0 pair of gloves.
   722 | D:1      | 722 ||| DRINKING 2 brown potions.
   723 | D:1      | 723 ||| DRINKING 2 cyan potions.
   765 | D:2      | 765 ||| INVOKING Spit Poison.
   766 | D:2      | Reached XP level 3. HP: 32/32 MP: 3/3
   776 | D:2      | 776 ||| INVOKING Spit Poison.
   791 | D:2      | 791 ||| INVOKING Spit Poison.
   809 | D:2      | 809 ||| INVOKING Spit Poison.
   829 | D:2      | 829 ||| INVOKING Spit Poison.
   838 | D:2      | 838 ||| INVOKING Spit Poison.
   842 | D:2      | 842 ||| INVOKING Spit Poison.
   847 | D:2      | 847 ||| INVOKING Spit Poison.
   869 | D:2      | 869 ||| INVOKING Spit Poison.
   940 | D:2      | 940 ||| INVOKING Spit Poison.
   946 | D:2      | 946 ||| INVOKING Spit Poison.
   952 | D:2      | 952 ||| INVOKING Spit Poison.
  1018 | D:2      | Found a faded altar of an unknown god.
  1046 | D:2      | 1046 ||| INVOKING Spit Poison.
  1066 | D:2      | 1066 ||| INVOKING Spit Poison.
  1072 | D:2      | Reached skill level 5 in Ranged Weapons
  1072 | D:2      | Reached XP level 4. HP: 39/39 MP: 4/4
  1209 | D:2      | 1209 ||| UPGRADING to amulet of the acrobat.
  1214 | D:2      | 1214 ||| UPGRADING to ring of protection from fire.
  1215 | D:2      | 1215 ||| READING 2 scrolls labelled HIASAEH DALI.
  1216 | D:2      | 1216 ||| READING scroll labelled LAATAR ASCHI.
  1217 | D:2      | 1217 ||| READING scroll labelled HILEEMU PICSOX.
  1218 | D:2      | 1218 ||| READING scroll labelled PYCY IWNAEQY.
  1236 | D:3      | 1236 ||| INVOKING Spit Poison.
  1241 | D:3      | 1241 ||| STAIRDANCE
  1243 | D:2      | 1243 ||| INVOKING Spit Poison.
  1285 | D:3      | 1285 ||| INVOKING Spit Poison.
  1287 | D:3      | Reached skill level 3 in Fighting
  1287 | D:3      | Reached XP level 5. HP: 44/49 MP: 5/5
  1305 | D:3      | Identified the amulet of Qazlal's Wrath {RegenMP Int-4
                  | Dex+3 SInv}
  1326 | D:3      | 1326 ||| INVOKING Spit Poison.
  1357 | D:3      | 1357 ||| INVOKING Spit Poison.
  1365 | D:3      | 1365 ||| INVOKING Spit Poison.
  1381 | D:3      | 1381 ||| INVOKING Spit Poison.
  1404 | D:3      | 1404 ||| INVOKING Spit Poison.
  1409 | D:3      | 1409 ||| INVOKING Spit Poison.
  1412 | D:3      | 1412 ||| INVOKING Spit Poison.
  1436 | D:3      | 1436 ||| INVOKING Spit Poison.
  1446 | D:3      | 1446 ||| INVOKING Spit Poison.
  1447 | D:3      | 1447 ||| Stepping ~*~*~tactically~*~*~ (outnumbered).
  1450 | D:3      | 1450 ||| INVOKING Spit Poison.
  1457 | D:3      | 1457 ||| INVOKING Spit Poison.
  1461 | D:3      | 1461 ||| DRINKING 2 potions of curing.
  1461 | D:3      | 1461 ||| (to cure confusion)
  1462 | D:3      | 1462 ||| INVOKING Spit Poison.
  1464 | D:3      | HP: 5/49 [orc/+0 flail (8)]
  1465 | D:3      | Slain by an orc

Levels and vault maps discovered:
D:1:      ldierk_walled_garden_2, layout_basic, minivault_19,
          hangedman_decor_growths
D:2:      layout_basic, serial_undead, serial_undead_e, serial_undead_b,
          serial_undead_f, serial_undead_e, basic_ecumenical_altar, basic_altar
D:3:      minmay_inner_zag, layout_rooms, minmay_overflow_temple_star_quad

Skill      XL: |  1  2  3  4 |
---------------+-------------+-----
Ranged Weapons | 4 5 |  5.2
Fighting       | 3 |  3.2
Dodging        | |  1.5
Stealth        | |  1.5

Action                     |  1- 3 |  4- 6 || total
---------------------------+-------+-------++-------
   Fire: Shortbow          |    74 |    41 ||   115
Ability: Spit Poison       |    27 |    15 ||    42
    Use: Potion            |     2 |     1 ||     3
         Scroll            |       |     4 ||     4
 Armour: Leather armour    |    10 |    10 ||    20
  Dodge: Dodged            |    17 |    13 ||    30

Table legend:
 A = Non-vault XP
 B = Vault XP
 C = Vault XP percentage of total XP
 D = Non-vault monster count
 E = Vault monster count
 F = Vault count percentage of total count
                 A         B        C        D         E       F
            +---------+---------+-------+---------+---------+-------
      Total |     219 |      17 |   7.2 |      43 |       9 |  17.3
            +---------+---------+-------+---------+---------+-------
        D:1 |      25 |       0 |   0.0 |      15 |       0 |   0.0
        D:2 |      60 |       6 |   9.1 |      17 |       5 |  22.7
        D:3 |     134 |      11 |   7.6 |      11 |       4 |  26.7
            +---------+---------+-------+---------+---------+-------
